 Dungeon Crawl Stone Soup version 0.19.0-22-gd96e5fe (webtiles) character file.

223 XO4YCPATb the Cutter (level 5, 0/27 HPs)
             Began as a Spriggan Fighter on Nov 19, 2016.
             Killed by nerve-wracking pain
             ... invoked by Grinder
              (10 damage)
             ... on level 3 of the Dungeon.
             The game lasted 00:08:53 (3767 turns).

XO4YCPATb the Cutter (Spriggan Fighter)             Turns: 3767, Time: 00:08:53

Health: 0/27       AC:  3    Str: 12    XL:     5   Next: 66%
Magic:  6/6        EV: 25    Int: 12    God:
Gold:   82         SH:  7    Dex: 21    Spells: 0 memorised, 4 levels left

rFire  + . .     SeeInvis +     a - +0 rapier
rCold  + . .     Gourm    .     b - +0 robe
rNeg   . . .     Faith    .     c - +0 buckler
rPois  +         Spirit   .     (helmet restricted)
rElec  +         Reflect  .     p - +0 cloak
rCorr  +         Harm     .     (gloves unavailable)
MR     .....                    (boots unavailable)
Stlth  ++........               (no amulet)
                                (no ring)
                                (no ring)

@: agile, resistant, very quick
A: unfitting armour, hooves 2, see invisible, clever 1, herbivore 3, speed 3,
slow metabolism 2
a: no special abilities


You were on level 3 of the Dungeon.
You were hungry.

You visited 1 branch of the dungeon, and saw 3 of its levels.

You collected 82 gold pieces.

Inventory:

Hand Weapons
 a - a +0 rapier (weapon)
 s - a +0 dagger
 t - a +0 short sword
Armour
 b - a +0 robe (worn)
 c - a +0 buckler (worn)
 p - a +0 cloak (worn)
Scrolls
 e - a scroll of enchant armour {unknown}
 i - 2 scrolls of recharging {unknown}
 j - a scroll of magic mapping {unknown}
 k - 3 scrolls of teleportation
 m - 2 scrolls of identify {unknown}
 n - a scroll of enchant weapon {unknown}
 o - a scroll of amnesia {unknown}
 r - a scroll of remove curse {unknown}
Potions
 h - a potion of agility
 l - a potion of resistance
 u - a potion of flight {unknown}
Comestibles
 f - 4 bread rations


   Skills:
 - Level 2.4 Fighting
 * Level 5.4 Short Blades
 - Level 4.4 Dodging
 + Level 3.3 Shields


You had 4 spell levels left.
You didn't know any spells.

Dungeon Overview and Level Annotations

Branches:
Dungeon (3/15)

Altars:
Sif Muna

Annotations:
D:3 Grinder


Innate Abilities, Weirdness & Mutations

You are very small and have problems with some larger weapons.
You are too small for most types of armour.
You have supernaturally acute eyesight. (SInv)
You are a herbivore.
You cover ground extremely quickly.
You need consume almost no food.
You have hoof-like feet.
Your mind is acute. (Int +2)


Message History

You hit Grinder but do no damage. You kick Grinder, but do no damage.
Grinder is lightly wounded.
Grinder gestures at you. Pain shoots through your body!
You barely miss Grinder.
Grinder is lightly wounded.
Grinder hits you!
You writhe in agony.
You hit Grinder. You kick Grinder.
Grinder is moderately wounded.
Grinder gestures at you. You resist with some effort.
You barely miss Grinder.
Grinder is moderately wounded.
Grinder says, "There's only one good use for a tongue: cutting it out."
Grinder zaps a wand.
You easily resist.
It is a wand of polymorph.
You closely miss Grinder.
Grinder is moderately wounded.
Grinder gestures at you. Pain shoots through your body!
You die...

...
.......#....##+#...#.#
...
................#..#.#
###
##..............#..#.#
##.............#..#.#
#.............#..#.#
##.............#..#.#
####..........)#+##..#.#
.......5..#.......#..#.#
.......@..#....<..#..#.#
..........##......#..#.#
.......S.............#.#
.........###............
.........# #............
.........# ####.........
....###... +.........
.... ..... #.........
... ...... #.........


You could see Grinder and a ball python.

Vanquished Creatures
  An ogre (D:2)
  Ijyb (D:3)
  An adder (D:2)
  4 gnolls
  A worm (D:3)
  A leopard gecko (D:2)
  11 bats
  A giant cockroach (D:2)
  12 goblins
  6 hobgoblins
  3 jackals (D:2)
  2 kobolds
  2 quokkas (D:2)
  A ball python (D:2)
  3 frilled lizards
  7 rats
57 creatures vanquished.

Notes
Turn   | Place    | Note
-------+----------+-------------------------------------------
     0 | D:1      | XO4YCPATb the Spriggan Fighter began the quest for the Orb.
     0 | D:1      | Reached XP level 1. HP: 11/11 MP: 2/2
   440 | D:1      | Reached XP level 2. HP: 14/16 MP: 3/3
   917 | D:1      | Reached skill level 3 in Short Blades
  1503 | D:2      | Reached XP level 3. HP: 19/19 MP: 4/4
  2241 | D:2      | Found a deep blue altar of Sif Muna.
  2855 | D:2      | Reached skill level 4 in Short Blades
  2948 | D:2      | Noticed an ogre
  2965 | D:2      | Killed an ogre
  2965 | D:2      | Reached XP level 4. HP: 23/23 MP: 5/5
  2965 | D:2      | Reached XP level 5. HP: 27/27 MP: 6/6
  3064 | D:2      | Reached skill level 5 in Short Blades
  3362 | D:3      | Noticed Ijyb
  3401 | D:3      | Killed Ijyb
  3748 | D:3      | Noticed Grinder
  3752 | D:3      | Gained mutation: You have large cloven feet. [potion of mutation]
  3752 | D:3      | Gained mutation: Your mind is acute. (Int +2) [potion of mutation]
  3752 | D:3      | Gained mutation: You have hoof-like feet. [potion of mutation]
  3767 | D:3      | Killed from afar by Grinder

Skill      XL: |  1  2  3  4  5 |
---------------+----------------+-----
Short Blades   | 3 4 5 |  5.4
Shields        | 3 |  3.3
Fighting       | |  2.4
Dodging        | |  4.4

Action                   |  1- 3 |  4- 6 || total
-------------------------+-------+-------++-------
Melee: Rapier            |   167 |    69 ||   236
       Kick              |       |     4 ||     4
  Use: Potion            |     1 |     5 ||     6
       Scroll            |     1 |       ||     1
 Stab: Sleeping          |     1 |       ||     1
Armor: Robe              |    11 |     5 ||    16
Dodge: Dodged            |   104 |    36 ||   140
Block: Buckler           |    38 |    12 ||    50
